 Dungeon Crawl Stone Soup version 0.25.0-9-g26727b657a (webtiles) character file.

Game seed: 12075956626936478156

535 Delamore the Cudgeler (level 7, -1/41 HPs)
             Began as a Gargoyle Fighter on June 21, 2020.
             Was a Follower of Okawaru.
             Slain by an iron imp (7 damage)
             ... summoned by Eustachio
             ... on level 5 of the Dungeon.
             The game lasted 00:03:11 (4080 turns).

Delamore the Cudgeler (Gargoyle Fighter)            Turns: 4080, Time: 00:03:12

Health: -1/41      AC: 11    Str: 22    XL:     7   Next: 25%
Magic:  7/7        EV: 11    Int:  8    God:    Okawaru [*.....]
Gold:   270        SH:  9    Dex:  9    Spells: 6/6 levels left

rFire    . . .     SeeInvis +   a - +0 flail
rCold    . . .     Gourm    .   c - +0 kite shield
rNeg     + . .     Faith    .   b - +0 scale mail
rPois    ∞         Spirit   .   (no helmet)
rElec    +         Reflect  .   (no cloak)
rCorr    .         Harm     .   (no gloves)
MR       .....                  (no boots)
Stlth    ..........             (no amulet)
HPRegen  0.13/turn              p - ring of see invisible
MPRegen  0.10/turn              q - +4 ring of evasion

@: no status effects
A: negative energy resistance 1, electricity resistance, unbreathing,
petrification resistance, rot immunity, AC +4
a: Heroism, Renounce Religion


You were on level 5 of the Dungeon.
You worshipped Okawaru.
Okawaru was aware of your devotion.
You were not hungry.

You visited 1 branch of the dungeon, and saw 5 of its levels.

You collected 270 gold pieces.

Inventory:

Hand Weapons
 a - a +0 flail (weapon)
Armour
 b - a +0 scale mail (worn)
 c - a +0 kite shield (worn)
Jewellery
 j - an uncursed ring of flight
 p - a ring of see invisible (left hand)
 q - a +4 ring of evasion (right hand)
Wands
 r - a wand of acid (11)
 w - a wand of clouds (3)
Scrolls
 e - 6 scrolls of identify {unknown}
 g - 2 scrolls of teleportation {unknown}
 h - 2 scrolls of immolation {unknown}
 i - a scroll of fog {unknown}
 k - a scroll of enchant weapon {unknown}
 m - 2 scrolls of remove curse {unknown}
 n - a scroll of fear {unknown}
Potions
 d - a potion of might
 l - a potion of heal wounds {unknown}
 o - a potion of haste {unknown}
 s - 2 potions of degeneration {unknown}
 t - a potion of stabbing {unknown}
 u - a potion of curing {unknown}
 v - a potion of flight {unknown}
Comestibles
 f - 9 rations
 x - a chunk of flesh


   Skills:
 - Level 3.2 Fighting
 + Level 7.7 Maces & Flails
 - Level 3.2 Armour
 - Level 3.2 Shields


You had 6 spell levels left.
You didn't know any spells.
Your spell library contained the following spells:

 Spells                   Type           Power        Failure   Level  Hunger
 Animate Skeleton         Necr           N/A          99%         1    ##.....
 Pain                     Necr           #...         99%         1    ##.....
 Vampiric Draining        Necr           #.........   100%        3    ####...
 Animate Dead             Necr           N/A          100%        4    #####..
 Agony                    Necr           #.......     100%        5    ######.


Dungeon Overview and Level Annotations

Branches:
Dungeon (5/15)
 Temple: D:4-7

Altars:
Ashenzari
Makhleb
Nemelex Xobeh
Okawaru
Sif Muna
Wu Jian

Annotations:
D:5 Eustachio


Innate Abilities, Weirdness & Mutations

You are resistant to torment.
Your stone body is resilient. (AC +4)
You are immune to poison.
You resist negative energy. (rN+)
You are resistant to electric shocks. (rElec)
You can survive without breathing.
You are immune to petrification.
You are immune to rotting.


Message History

The white imp disappears in a puff of smoke!
The quokka barely misses you. You block the iron imp's attack.
You hit the quokka.
You kill the quokka!
The quokka's corpse disappears in a puff of smoke!
You block the bat's attack. You block the iron imp's attack.
The bat hits you but does no damage.
Eustachio mumbles some strange words.
The iron imp hits you!
* * * LOW HITPOINT WARNING * * *
You miss the bat. The bat hits you but does no damage.
The iron imp hits you but does no damage.
You hit the bat.
The bat is moderately wounded.
You block the bat's attack. The iron imp misses you.
Eustachio calls on the powers of shadow!
Your scale mail prevents you from hitting the bat.
The bat is moderately wounded.
You block the bat's attack. The iron imp hits you!
You die...

#.. ..# #.# ..
#.### #.# #...##
#.. #...5#######
#.# #...@.r5.r@#
##..###...######b#
.........###...#@#
.........# #.#..5#
.........# # #####
.........#
...$.....#
.........#
.........##########
..................#
#
######............#
#


You could see Eustachio, an iron imp (summoned), a river rat (summoned) and a
bat (summoned).

Vanquished Creatures
  An ice beast (D:3)
  A bullfrog (D:3)
  A scorpion (D:4)
  A bullfrog skeleton (D:5)
  A centaur skeleton (D:4)
  4 orc wizards
  3 adders
  3 gnolls (D:3)
  3 worms
  4 dart slugs
  2 leopard geckos
  12 orcs
  7 bats
  4 giant cockroaches
  11 goblins
  3 hobgoblins
  2 quokkas
  6 frilled lizards
  5 kobolds
  10 rats
84 creatures vanquished.

Vanquished Creatures (others)
  A shadow imp (D:5)
1 creature vanquished.

Grand Total: 85 creatures vanquished

Notes
Turn   | Place    | Note
-------+----------+-------------------------------------------
     0 | D:1      | Delamore the Gargoyle Fighter began the quest for the Orb.
     0 | D:1      | Reached XP level 1. HP: 14/14 MP: 1/1
   289 | D:1      | Reached XP level 2. HP: 18/19 MP: 2/2
   433 | D:1      | Reached skill level 3 in Maces & Flails
   965 | D:1      | Reached XP level 3. HP: 22/23 MP: 3/3
  1198 | D:2      | Found a sparkling altar of Nemelex Xobeh.
  1436 | D:2      | Found a shattered altar of Ashenzari.
  1446 | D:2      | Reached skill level 4 in Maces & Flails
  1608 | D:2      | Found an ornate altar of the Wu Jian Council.
  1726 | D:3      | Reached XP level 4. HP: 28/28 MP: 4/4
  1878 | D:3      | Found an iron altar of Okawaru.
  1886 | D:3      | Became a worshipper of Warmaster Okawaru
  2155 | D:3      | Noticed a bullfrog
  2158 | D:3      | Noticed an ice beast
  2161 | D:3      | Killed a bullfrog
  2161 | D:3      | Reached skill level 5 in Maces & Flails
  2161 | D:3      | Reached XP level 5. HP: 32/32 MP: 5/5
  2177 | D:3      | HP: 1/32 [ice beast (11)]
  2190 | D:3      | Killed an ice beast
  2190 | D:3      | Reached skill level 6 in Maces & Flails
  2190 | D:3      | Reached XP level 6. HP: 3/37 MP: 6/6
  2753 | D:3      | Found a shimmering blue altar of Sif Muna.
  3042 | D:4      | Reached skill level 7 in Maces & Flails
  3211 | D:4      | Reached XP level 7. HP: 30/41 MP: 7/7
  3469 | D:4      | Reached * piety under Okawaru
  3622 | D:4      | Found a burning altar of Makhleb.
  3919 | D:5      | Entered Level 5 of the Dungeon
  4031 | D:5      | Noticed Eustachio
  4080 | D:5      | Slain by an iron imp

Illustrated notes

Levels and vault maps discovered:
D:1:      heliophobic_arrival_enchanted_forest, layout_loops_corners
D:2:      layout_rooms, lemuel_crystal_altar, nicolae_overflow_crystal_walls,
          lemuel_coloured_pillars_altar
D:3:      layout_loops_ring, kennysheep_okawaru_gauntlet, led_sif_pool,
          first_ration
D:4:      layout_loops_ring, lightli_temple_of_fire
D:5:      layout_basic, minmay_temple_entry_wispy, minmay_hedge_maze,
          patterned_corridor, uniq_eustachio

Skill      XL: |  1  2  3  4  5  6 |
---------------+-------------------+-----
Maces & Flails | 3 4 5 6 7 |  7.7
Fighting       | |  3.2
Armour         | |  3.2
Shields        | |  3.2

Action                   |  1- 3 |  4- 6 |  7- 9 || total
-------------------------+-------+-------+-------++-------
Melee: Flail             |   137 |   130 |    79 ||   346
 Abil: Evoke Flight      |       |     1 |       ||     1
Evoke: Wand              |       |     1 |     2 ||     3
  Eat: Chunk             |     3 |     5 |     3 ||    11
Armor: Scale mail        |    72 |    50 |    43 ||   165
Dodge: Dodged            |    29 |    58 |    61 ||   148
Block: Kite shield       |    70 |    75 |    57 ||   202
